 Dungeon Crawl Stone Soup version 0.30-a0-778-g2ef04afb54 (webtiles) character file.

Game seed: 4257029891081365551

1708 Dittersdorf the Shield-Bearer (level 9, -11/56 HPs)
             Began as a Gargoyle Fighter on Feb 16, 2023.
             Was a Follower of Okawaru.
             Killed from afar by Sigmund (14 damage)
             ... with a puff of flame
             ... on level 6 of the Dungeon.
             The game lasted 00:07:07 (6126 turns).

Dittersdorf the Shield-Bearer (Gargoyle Fighter)    Turns: 6126, Time: 00:07:07

Health: -11/56     AC: 15    Str: 25    XL:     9   Next: 3%
Magic:  9/9        EV:  9    Int:  8    God:    Okawaru [*.....]
Gold:   377        SH:  5    Dex:  9    Spells: 8/8 levels left

rFire   . . .      SeeInvis .    q - +3 whip (vamp)
rCold   . . .      Faith    .    c - +0 buckler
rNeg    + . .      Spirit   .    b - +0 scale mail
rPois   ∞          Reflect  .    A - +1 hat
rElec   +          Harm     .    (no cloak)
rCorr   .          Rampage  .    (no gloves)
Will    .....                    (no boots) Stlth
                                 (no amulet)
HPRegen 0.29/turn                (no ring)
MPRegen 0.11/turn                (no ring)

@: no status effects
A: sickness immunity, AC +6, negative energy resistance 1, electricity
resistance, torment resistance 1, petrification resistance
a: Renounce Religion, Heroism


You were on level 6 of the Dungeon.
You worshipped Okawaru.
Okawaru was aware of your devotion.
You visited 2 branches of the dungeon, and saw 7 of its levels.

You collected 377 gold pieces.

Inventory:

Hand Weapons
 a - a +0 flail
 q - a +3 vampiric whip (weapon)
Missiles
 m - a throwing net (quivered)
Armour
 b - a +0 scale mail (worn)
 c - a +0 buckler (worn)
 k - a +0 plate armour
 A - a +1 hat (worn)
Jewellery
 p - a ring of ice
Scrolls
 e - a scroll of poison {unknown}
 f - a scroll of enchant armour {unknown}
 h - 3 scrolls of torment {unknown}
 o - a scroll of amnesia {unknown}
 r - 4 scrolls of fear
 s - a scroll of fog {unknown}
 u - 2 scrolls of teleportation {unknown}
 w - a scroll of immolation {unknown}
 x - a scroll of noise {unknown}
 y - a scroll of silence {unknown}
Potions
 d - a potion of might
 g - 5 potions of mutation {unknown}
 i - a potion of invisibility
 j - 2 potions of flight
 l - 6 potions of heal wounds
 n - 5 potions of curing
 t - a potion of magic
 v - 2 potions of degeneration {unknown}
 z - a potion of brilliance {unknown}


   Skills:
 + Level 6.9 Fighting
 + Level 5.9 Maces & Flails
 + Level 6.9 Armour
 + Level 7.0 Shields


You had 8 spell levels left.
You didn't know any spells.
Your spell library contained the following spells:

 Spells                   Type           Power      Damage    Failure   Level
 Eringya's Noxious Bog    Tmut/Pois      0%         N/A       100%        6
 Summon Forest            Summ/Tloc      Unusable   N/A       N/A         5
 Summon Hydra             Summ           Unusable   N/A       N/A         7

Dungeon Overview and Level Annotations

Branches:
Dungeon (6/15)             Temple (1/1) D:4

Altars:
Ashenzari
Cheibriados
Dithmenos
Fedhas
Gozag
Hepliaklqana
Nemelex Xobeh
Okawaru
Qazlal
Sif Muna
Trog
Uskayaw
Vehumet
Wu Jian
Xom
Yredelemnul
Zin

Shops:
D:5 [   D:6 [

Annotations:
D:6 Sigmund


Innate Abilities, Weirdness & Mutations

You are immune to sickness and miasma.
Your stone body is resilient. (AC +6)
You are immune to poison.
You resist negative energy. (rN+)
You are resistant to electric shocks. (rElec)
You are resistant to unholy torment.
You are immune to petrification.


Message History

The white imp gestures at you.
The puff of frost hits you but does no damage.
You hear some strange, mumbled words.
A puff of flame appears from out of thin air!
The puff of flame hits you.
* * * LOW HITPOINT WARNING * * *
You closely miss the iguana.
The iguana is almost dead.
You block the white imp's attack. The iguana bites you!
* * * LOW HITPOINT WARNING * * *
Something hits you but does no damage.
You closely miss the iguana.
The iguana is almost dead.
The sentinel's mark upon you fades away.
The white imp shouts, "Remove thy stench, thou bootless ill-breeding slime mould!"
The iguana barely misses you.
The white imp hits you but does no damage.
You closely miss the iguana.
The iguana is almost dead.
You block the iguana's attack.
The white imp hits you but does no damage.
Something hits you.
* * * LOW HITPOINT WARNING * * *
You barely miss the iguana.
The iguana is almost dead.
The iguana bites you.
* * * LOW HITPOINT WARNING * * *
You block the white imp's attack.
You hit the iguana.
You feel better.
You kill the iguana!
Okawaru accepts your kill. Something hits you.
* * * LOW HITPOINT WARNING * * *
Your Shields skill increases to level 7!
The white imp grinds its teeth.
The white imp hits you but does no damage.
The white imp attacks as you move away! The white imp closely misses you.
A puff of flame appears from out of thin air!
The puff of flame hits you!
You die...

#.##.##..............#
..##<####...........##
#.##^####....#.#....#
#.##...........#......
#.##...........#.#.#######
#.##.#####.#.###.#.{h5o...
#.##.# #.#.# #.#.## #.##.#
#.#.###....#
#.##)#####.#....@5..#
........#######..#
#............##..#
############.##..# #.##..#
#######.##..# #....(..#
..# #.####### #.#


You could see a hound and a white imp.

Vanquished Creatures
  Prince Ribbit (D:5)
  An ice beast (D:6)
  3 black bears
  2 ogres (D:5)
  A centaur (D:5)
  Blork the orc (D:5)
  2 scorpions
  4 necrophages (D:5)
  A wyvern zombie (D:5)
  A bullfrog zombie (D:5)
  An orc priest (D:6)
  An iguana (D:6)
  3 orc wizards
  Natasha (thrice) (D:1)
  4 gnolls (D:2)
  6 adders
  A white imp (D:6)
  2 worms
  A dart slug (D:4)
  10 orcs
  8 bats
  7 endoplasms
  3 giant cockroaches
  4 goblins
  5 hobgoblins
  3 quokkas
  5 ball pythons
  2 frilled lizards
  7 kobolds
  4 rats (D:1)
97 creatures vanquished.

Vanquished Creatures (others)
  2 bushes (D:5)
  2 fungi (D:6)
  11 plants (D:5)
15 creatures vanquished.

Grand Total: 112 creatures vanquished

Notes
Turn   | Place    | Note
-------+----------+-------------------------------------------
     0 | D:1      | Dittersdorf the Gargoyle Fighter began the quest for the
                  | Orb.
     0 | D:1      | Reached XP level 1. HP: 14/14 MP: 1/1
   252 | D:1      | Reached XP level 2. HP: 19/19 MP: 2/2
   676 | D:1      | Reached XP level 3. HP: 16/23 MP: 3/3
   728 | D:2      | Noticed Natasha
   744 | D:1      | Killed Natasha
   814 | D:1      | Noticed Natasha
   827 | D:1      | Killed Natasha
   828 | D:1      | Reached XP level 4. HP: 29/29 MP: 4/4
   997 | D:1      | Noticed Natasha
  1012 | D:1      | Killed Natasha
  1013 | D:1      | Reached skill level 4 in Shields
  1433 | D:2      | Found a shimmering blue altar of Sif Muna.
  1664 | D:2      | Found a faded altar of an unknown god.
  1772 | D:2      | Reached XP level 5. HP: 25/33 MP: 5/5
  2374 | D:3      | You fall into a shaft and drop 3 floors!
  2375 | D:6      | yay!
  2414 | D:6      | Noticed an ice beast
  2424 | D:6      | Reached XP level 6. HP: 37/39 MP: 6/6
  2448 | D:6      | Killed an ice beast
  2627 | D:5      | Entered Level 5 of the Dungeon
  2663 | D:5      | Reached skill level 5 in Fighting
  2663 | D:5      | Reached skill level 5 in Armour
  2663 | D:5      | Reached skill level 5 in Shields
  2663 | D:5      | Reached XP level 7. HP: 44/44 MP: 7/7
  2735 | D:5      | Found Cugubb's Armour Boutique.
  2765 | D:5      | Noticed Blork the orc
  2786 | D:5      | Killed Blork the orc
  3396 | D:3      | Found a stormy altar of Qazlal.
  3602 | D:3      | Reached XP level 8. HP: 45/51 MP: 8/8
  4084 | D:4      | Found a staircase to the Ecumenical Temple.
  4090 | Temple   | Entered the Ecumenical Temple
  4202 | Temple   | Became a worshipper of Warmaster Okawaru
  5108 | D:5      | Noticed Prince Ribbit
  5119 | D:5      | Reached skill level 6 in Shields
  5177 | D:5      | Killed Prince Ribbit
  5178 | D:5      | Reached skill level 5 in Maces & Flails
  5432 | D:5      | Found a blossoming altar of Fedhas.
  5775 | D:5      | Reached * piety under Okawaru
  5853 | D:6      | Found Unkod's Antique Armour Shop.
  5930 | D:6      | Reached XP level 9. HP: 56/56 MP: 9/9
  6101 | D:6      | Noticed Sigmund
  6124 | D:6      | HP: 2/56 [something (3)]
  6125 | D:6      | Reached skill level 7 in Shields
  6126 | D:6      | Killed from afar by Sigmund

Illustrated notes

###
..#
#.#
#.#
#@#
###


Turn 2375 on D:6: yay!

Levels and vault maps discovered:
D:1:      elethiomel_arrival_fortress_basement, layout_basic,
          hangedman_decor_peaks_small
D:2:      layout_rooms, shapermc_ecumenical_altar_totnotflames, basic_altar,
          uniq_natasha
D:3:      layout_basic, mainiacjoe_overflow_alcove_1, minivault_11
D:4:      layout_layer_cave, minmay_temple_entry_hall,
          hangedman_abyss_or_decor_stagger
D:5:      layout_basic, fedhas_altar_decomposition, serial_shops,
          nicolae_square_shop, uniq_blork_the_orc, uniq_prince_ribbit1
D:6:      layout_loops_ring, serial_shops, shop_coins, uniq_sigmund,
          uniq_crazy_yiuf_cottage, uniq_pikel
Temple:   regret_index_temple_generic_petals

Skill      XL: |  1  2  3  4  5  6  7  8  9 |
---------------+----------------------------+-----
Fighting       | 4 5 6 |  6.9
Armour         | 4 5 6 |  6.9
Shields        | 4 5 6 7 |  7.0
Maces & Flails | 3 4 5 |  5.9

Action                     |  1- 3 |  4- 6 |  7- 9 || total
---------------------------+-------+-------+-------++-------
  Melee: Flail             |    69 |    45 |       ||   114
         Whip              |       |   147 |   257 ||   404
    Use: Scroll            |       |       |     7 ||     7
 Armour: Scale mail        |    52 |    93 |   111 ||   256
  Dodge: Dodged            |    49 |    54 |    92 ||   195
  Block: Buckler           |    19 |    38 |    37 ||    94

Table legend: (Time is in decaauts)
 A = Elapsed time spent in this place.
 B = Non-inter-level travel time spent in this place.
 C = Inter-level travel time spent in this place.
 D = Time resting spent in this place.
 E = Time spent auto-exploring this place.
 F = Levels seen in this place.
 G = Mean time per level.
                   A        B        C        D        E       F      G
               +--------+--------+--------+--------+--------+-----+--------+
         Total |   6144 |   5826 |    318 |    532 |   4178 |   7 |  877.7 |
       Dungeon |   5950 |   5711 |    239 |    532 |   4079 |   6 |  991.7 |
        Temple |    193 |    114 |     79 |      0 |     99 |   1 |  193.0 |
               +--------+--------+--------+--------+--------+-----+--------+

Top non-repeatable levels by time:
     D:1: 1459 daAuts
     D:5: 1352 daAuts
     D:4: 1280 daAuts
     D:3: 771 daAuts
     D:2: 622 daAuts
     D:6: 464 daAuts
  Temple: 193 daAuts
